[Event "FRA-chT Top 12 2019"]
[Site "Brest"]
[Date "2019.05.26"]
[Round "9.1"]
[White "Cossin, Sebastien"]
[Black "Kosten, Anthony C."]
[Result "1-0"]
[ECO "A50"]
[WhiteElo "2494"]
[BlackElo "2419"]
[Annotator "ChessBase"]
[PlyCount "101"]
[EventDate "2019.05.18"]
[EventType "team-tourn"]
[EventCountry "FRA"]
[SourceTitle "playchess.com"]
[Source "ChessBase"]
[SourceQuality "1"]
[TimeControl "40/5400+30:1800+30"]

1. d4 Nf6 2. c4 b6 3. Nc3 Bb7 4. f3 d5 5. cxd5 Nxd5 6. e4 Nxc3 7. bxc3 e5 8. Bb5+ Nd7 9. Ne2 a6 10. Bxd7+ Qxd7 11. dxe5 Qe6 12. Bf4 Bc5 13. Nd4 Qc4 14. Qb3 Qxb3 15. axb3 a5 16. e6 f6 17. Bxc7 g6 18. Bg3 Ke7 19. Bf2 Rhc8 20. O-O Bd6 21. Nb5 Bc5 22. Rfc1 Kxe6 23. c4 Bc6 24. Nc3 f5 25. Nd5 Bxd5 26. exd5+ Kd6 27. Kf1 Bxf2 28. Kxf2 b5 29. Ke3 Kc5 30. cxb5+ Kxd5 31. Rxc8 Rxc8 32. Kd3 Ra8 33. Ra4 Rb8 34. Rxa5 Kc5 35. Ra7 Rd8+ 36. Ke3 Re8+ 37. Kf2 h6 38. Ra6 Rg8 39. h4 Kxb5 40. Rf6 Kb4 41. h5 gxh5 42. Rxf5 Kxb3 43. Rxh5 Rg6 44. Rc5 Kb4 45. Rc1 Kb5 46. g4 Kb6 47. Kg3 h5 48. Kh4 hxg4 49. fxg4 Rh6+ 50. Kg5 Rh8 51. Kf6 1-0

[Event "FRA-chT Top 12 2019"]
[Site "Brest"]
[Date "2019.05.26"]
[Round "9.2"]
[White "Bacrot, Etienne"]
[Black "Oleksiyenko, Mykhaylo"]
[Result "1/2-1/2"]
[ECO "C50"]
[WhiteElo "2678"]
[BlackElo "2595"]
[Annotator "RC"]
[PlyCount "54"]
[EventDate "2019.05.18"]
[EventType "team-tourn"]
[EventCountry "FRA"]
[SourceTitle "playchess.com"]
[Source "ChessBase"]
[SourceQuality "1"]
[TimeControl "40/5400+30:1800+30"]

1. e4 e5 2. Nf3 Nc6 3. Bc4 Bc5 4. d3 Nf6 5. O-O d6 6. c3 a5 7. Re1 O-O 8. Nbd2 Be6 9. Bb5 Qb8 10. Nf1 Qa7 11. Be3 Bxe3 12. Nxe3 Ne7 13. a4 c6 14. Bc4 d5 15. exd5 cxd5 16. Bb5 Ng6 17. Nf1 Ng4 18. Qd2 f6 19. Nd4 Bc8 20. Nf3 Nh6 21. h3 Nf7 22. b4 axb4 23. c4 dxc4 24. Bxc4 Bd7 25. Qxb4 Bc6 26. N1d2 Qa5 27. Reb1 Qxb4 1/2-1/2

[Event "FRA-chT Top 12 2019"]
[Site "Brest"]
[Date "2019.05.26"]
[Round "9.2"]
[White "Postny, Evgeny"]
[Black "Praggnanandhaa R"]
[Result "1/2-1/2"]
[ECO "E04"]
[WhiteElo "2603"]
[BlackElo "2536"]
[Annotator "ChessBase"]
[PlyCount "66"]
[EventDate "2019.05.18"]
[EventType "team-tourn"]
[EventCountry "FRA"]
[SourceTitle "playchess.com"]
[Source "ChessBase"]
[SourceQuality "1"]
[TimeControl "40/5400+30:1800+30"]

1. d4 Nf6 2. c4 e6 3. g3 d5 4. Bg2 dxc4 5. Nf3 c5 6. O-O Nc6 7. dxc5 Qxd1 8. Rxd1 Bxc5 9. Nbd2 c3 10. bxc3 O-O 11. Nb3 Be7 12. Nfd4 Bd7 13. Nxc6 Bxc6 14. Bxc6 bxc6 15. c4 Rfb8 16. Bd2 Ne4 17. Ba5 Rb7 18. Rd3 Nc5 19. Nxc5 Bxc5 20. Rad1 Kf8 21. Rb3 Rab8 22. Rdd3 Ke8 23. Kf1 Rxb3 24. axb3 Bb4 25. Bc7 Rb7 26. Bf4 a5 27. Be3 Rb8 28. Bf4 Ra8 29. Bd6 Bxd6 30. Rxd6 Rb8 31. Rxc6 Rxb3 32. Ra6 Rc3 33. Rxa5 Rxc4 1/2-1/2

[Event "FRA-chT Top 12 2019"]
[Site "Brest"]
[Date "2019.05.26"]
[Round "9.2"]
[White "Wagner, Dennis"]
[Black "Heimann, Andreas"]
[Result "1/2-1/2"]
[ECO "A06"]
[WhiteElo "2578"]
[BlackElo "2627"]
[Annotator "ChessBase"]
[PlyCount "111"]
[EventDate "2019.05.18"]
[EventType "team-tourn"]
[EventCountry "FRA"]
[SourceTitle "playchess.com"]
[Source "ChessBase"]
[SourceQuality "1"]
[TimeControl "40/5400+30:1800+30"]

1. Nf3 d5 2. g3 g6 3. Bg2 Bg7 4. d4 Nf6 5. O-O O-O 6. c4 dxc4 7. Na3 Na6 8. Nxc4 c5 9. b3 b5 10. Nfe5 Be6 11. Nc6 Qe8 12. N4a5 Bd5 13. Bxd5 Nxd5 14. dxc5 e6 15. e4 Ne7 16. Nxe7+ Qxe7 17. Bf4 Rfc8 18. Rc1 Nxc5 19. Bd6 Qd8 20. Rxc5 Qxa5 21. Qc2 Rxc5 22. Qxc5 Qb6 23. Rc1 Bd4 24. Qxb6 axb6 25. e5 Kg7 26. Rc2 b4 27. Kg2 g5 28. f4 gxf4 29. gxf4 Bc5 30. Kf3 f6 31. exf6+ Kxf6 32. Be5+ Kf5 33. Rd2 Ra7 34. h3 Be7 35. Rg2 Bf6 36. Bxf6 Kxf6 37. Ke4 Rc7 38. Rd2 Rc3 39. Rd4 Rc2 40. Rxb4 Rxa2 41. Rxb6 Rh2 42. f5 Rxh3 43. fxe6 h5 44. b4 h4 45. Kd5 Rd3+ 46. Kc4 Rd1 47. e7+ Kxe7 48. Rh6 Kd7 49. Kc5 Kc7 50. Rh7+ Rd7 51. Rxh4 Rg7 52. Rh5 Kb7 53. b5 Rc7+ 54. Kb4 Rc1 55. Rh7+ Kb6 56. Rh6+ 1/2-1/2

[Event "FRA-chT Top 12 2019"]
[Site "Brest"]
[Date "2019.05.26"]
[Round "9.2"]
[White "Hamitevici, Vladimir"]
[Black "Van Wely, Loek"]
[Result "1-0"]
[ECO "B22"]
[WhiteElo "2476"]
[BlackElo "2600"]
[Annotator "ChessBase"]
[PlyCount "57"]
[EventDate "2019.05.18"]
[EventType "team-tourn"]
[EventCountry "FRA"]
[SourceTitle "playchess.com"]
[Source "ChessBase"]
[SourceQuality "1"]
[TimeControl "40/5400+30:1800+30"]

1. e4 c5 2. c3 Nf6 3. e5 Nd5 4. Nf3 e6 5. Bc4 d6 6. d4 cxd4 7. cxd4 Be7 8. O-O O-O 9. Qe2 b6 10. Qe4 Ba6 11. Bxa6 Nxa6 12. h4 dxe5 13. dxe5 Nc5 14. Qg4 Re8 15. Bg5 Bxg5 16. hxg5 Nd3 17. Rd1 Nxb2 18. Rd4 Qc7 19. Nbd2 Nc3 20. Rb4 Nd3 21. Rc4 Ne2+ 22. Kf1 Qb8 23. Ne4 Rc8 24. Nf6+ Kh8 25. Qh5 h6 26. Qxf7 Rxc4 27. gxh6 Qf8 28. hxg7+ Qxg7 29. Qh5+ 1-0

[Event "FRA-chT Top 12 2019"]
[Site "Brest"]
[Date "2019.05.26"]
[Round "9.2"]
[White "Cornette, Deimante"]
[Black "Chabanon, Jean-Luc"]
[Result "1/2-1/2"]
[ECO "B03"]
[WhiteElo "2433"]
[BlackElo "2437"]
[Annotator "NA RC"]
[PlyCount "74"]
[EventDate "2019.05.18"]
[EventType "team-tourn"]
[EventCountry "FRA"]
[SourceTitle "playchess.com"]
[Source "ChessBase"]
[SourceQuality "1"]
[TimeControl "40/5400+30:1800+30"]

1. e4 Nf6 2. e5 Nd5 3. d4 d6 4. c4 Nb6 5. exd6 cxd6 6. Nc3 g6 7. Be3 Bg7 8. Rc1 O-O 9. b3 Bf5 10. Be2 d5 11. c5 Nc8 12. Nf3 Nc6 13. O-O Bg4 14. b4 a6 15. Qd2 Bxf3 16. Bxf3 e6 17. Ne2 N8e7 18. g3 Nf5 19. Bg2 h5 20. Rfd1 Nxe3 21. Qxe3 Nxb4 22. Rb1 Nc6 23. Rxb7 Rb8 24. Qb3 Na5 25. Rxb8 Qxb8 26. Qa3 Nc4 27. Qxa6 Qb2 28. Bf1 Rb8 29. Qa7 Rb7 30. Qa8+ Rb8 31. Qa7 Rb7 32. Qa4 Kh7 33. Qa6 Rb8 34. Qa7 Rb7 35. Qa6 Rb8 36. Qa7 Rb7 37. Qa6 Rb8 1/2-1/2

[Event "FRA-chT Top 12 2019"]
[Site "Brest"]
[Date "2019.05.26"]
[Round "9.2"]
[White "Vallin, Guillaume"]
[Black "Movsesian, Sergei"]
[Result "0-1"]
[ECO "A05"]
[WhiteElo "2389"]
[BlackElo "2645"]
[Annotator "ChessBase"]
[PlyCount "80"]
[EventDate "2019.05.18"]
[EventType "team-tourn"]
[EventCountry "FRA"]
[SourceTitle "playchess.com"]
[Source "ChessBase"]
[SourceQuality "1"]
[TimeControl "40/5400+30:1800+30"]

1. Nf3 Nf6 2. c4 d6 3. d4 Nbd7 4. Nc3 g6 5. e3 Bg7 6. Be2 O-O 7. O-O e5 8. b3 Re8 9. Bb2 e4 10. Nd2 Nf8 11. Qc2 Bf5 12. Rae1 h5 13. Qd1 Bh6 14. d5 N8d7 15. Nb5 Ne5 16. Nd4 Bg4 17. Qb1 Qd7 18. Kh1 Bg7 19. f3 exf3 20. gxf3 Bh3 21. Rg1 c5 22. Nb5 Re7 23. Qa1 Rae8 24. Nxa7 Bh6 25. Nf1 h4 26. Nb5 Nh5 27. Qd1 Kh7 28. Bxe5 Rxe5 29. f4 Nxf4 30. exf4 Bxf4 31. Bg4 Rxe1 32. Bxd7 Rxd1 33. Bxh3 f5 34. Nc7 Ree1 35. Ne6 Be3 36. Kg2 Bxg1 37. Kxg1 Re2 38. Ng5+ Kg7 39. Bg2 Rxa2 40. Nf3 Kf6 0-1

[Event "FRA-chT Top 12 2019"]
[Site "Brest"]
[Date "2019.05.26"]
[Round "9.3"]
[White "Oparin, Grigoriy"]
[Black "Payen, Arnaud"]
[Result "1-0"]
[ECO "A05"]
[WhiteElo "2624"]
[BlackElo "2358"]
[Annotator "ChessBase"]
[PlyCount "91"]
[EventDate "2019.05.18"]
[EventType "team-tourn"]
[EventCountry "FRA"]
[SourceTitle "playchess.com"]
[Source "ChessBase"]
[SourceQuality "1"]
[TimeControl "40/5400+30:1800+30"]

1. Nf3 Nf6 2. g3 g6 3. Bg2 Bg7 4. c4 O-O 5. O-O d6 6. Nc3 e5 7. d3 Nc6 8. Rb1 a5 9. a3 Nd4 10. Nxd4 exd4 11. Nb5 Ne8 12. e3 dxe3 13. Bxe3 c6 14. Nc3 Nf6 15. Qb3 Bf5 16. Ne4 Qd7 17. Bf4 a4 18. Qb4 d5 19. Nc5 Qc8 20. Rbd1 Rd8 21. Nxb7 Bf8 22. c5 Rd7 23. Nd6 Bxd6 24. Bxd6 Rb7 25. Qd4 Ne8 26. Bf4 Ng7 27. Be5 Qf8 28. Rfe1 Ne6 29. Qh4 g5 30. Qh5 f6 31. Bc3 Nxc5 32. Qf3 Bg6 33. Bb4 Rab8 34. h4 Rxb4 35. axb4 Rxb4 36. h5 g4 37. Qe2 Bxh5 38. d4 Nb3 39. Qe6+ Kg7 40. Qxc6 Nxd4 41. Qc7+ Kh8 42. Bxd5 Nb5 43. Qd7 Rxb2 44. Rc1 Nd6 45. Rc6 Ne8 46. Rc8 1-0

[Event "FRA-chT Top 12 2019"]
[Site "Brest"]
[Date "2019.05.26"]
[Round "9.3"]
[White "Velten, Paul"]
[Black "Efimov, Igor"]
[Result "1-0"]
[ECO "A41"]
[WhiteElo "2507"]
[BlackElo "2439"]
[Annotator "ChessBase"]
[PlyCount "63"]
[EventDate "2019.05.18"]
[EventType "team-tourn"]
[EventCountry "FRA"]
[SourceTitle "playchess.com"]
[Source "ChessBase"]
[SourceQuality "1"]
[TimeControl "40/5400+30:1800+30"]

1. d4 d6 2. Nf3 g6 3. e4 Bg7 4. Be2 Nd7 5. O-O e5 6. d5 Ngf6 7. Nfd2 O-O 8. c4 Ne8 9. Nc3 f5 10. exf5 gxf5 11. Rb1 Kh8 12. b4 Rg8 13. Rb3 a5 14. a3 e4 15. Ncxe4 fxe4 16. Nxe4 Ne5 17. Rg3 Bf5 18. Ng5 Qe7 19. f4 Nf7 20. Re3 Qf6 21. Bb2 Ne5 22. Rg3 Qe7 23. fxe5 Bg6 24. Bd3 Bxe5 25. Bxe5+ dxe5 26. Bxg6 Rxg6 27. Rf7 Qxg5 28. Rxg5 Rxg5 29. h4 Rg6 30. Qh5 Nf6 31. Qxe5 Re8 32. Qb2 1-0

[Event "FRA-chT Top 12 2019"]
[Site "Brest"]
[Date "2019.05.26"]
[Round "9.3"]
[White "Sokolov, Andrei"]
[Black "Eljanov, Pavel"]
[Result "1/2-1/2"]
[ECO "C60"]
[WhiteElo "2496"]
[BlackElo "2661"]
[Annotator "RC"]
[PlyCount "153"]
[EventDate "2019.05.18"]
[EventType "team-tourn"]
[EventCountry "FRA"]
[SourceTitle "playchess.com"]
[Source "ChessBase"]
[SourceQuality "1"]
[TimeControl "40/5400+30:1800+30"]

1. e4 e5 2. Nf3 Nc6 3. Bb5 g6 4. d4 exd4 5. Bg5 Be7 6. Bxe7 Qxe7 7. Bxc6 dxc6 8. Qxd4 Nf6 9. Nc3 Bg4 10. Nd2 c5 11. Qe3 O-O-O 12. f3 Be6 13. O-O-O b6 14. Rhe1 h5 15. h3 Kb8 16. f4 Bc8 17. Nf3 Bb7 18. Ng5 Rhe8 19. Rxd8+ Rxd8 20. g3 Ne8 21. Nd5 Qd7 22. Rd1 f6 23. Nc3 Nd6 24. e5 Qe7 25. Nge4 Nf5 26. Rxd8+ Qxd8 27. Qd2 Qxd2+ 28. Kxd2 fxe5 29. fxe5 Kc8 30. g4 hxg4 31. hxg4 Nd4 32. Nf6 Kd8 33. Ncd5 Nf3+ 34. Ke3 Nxe5 35. Kf4 Nf7 36. g5 Bc8 37. a3 c6 38. Ne3 Ke7 39. Nc4 Bf5 40. Ne3 Be6 41. Ng8+ Kd6 42. Nf6 a5 43. Ne8+ Kd7 44. Nf6+ Ke7 45. Ng8+ Kd6 46. Nf6 Nd8 47. Ne4+ Ke7 48. Ke5 Nf7+ 49. Kf4 c4 50. c3 b5 51. Nf6 Bc8 52. Ne4 Bh3 53. Nf2 Be6 54. Ne4 Kd7 55. Nc5+ Kd6 56. Ne4+ Kc7 57. Nf6 c5 58. Ne4 Kc6 59. Nd2 Bd5 60. a4 bxa4 61. Ndxc4 Bxc4 62. Nxc4 Kb5 63. Na3+ Kb6 64. Nc4+ Kc6 65. Ne5+ Nxe5 66. Kxe5 Kb5 67. Kd5 c4 68. Kd4 a3 69. bxa3 Ka4 70. Kxc4 Kxa3 71. Kd5 a4 72. c4 Kb4 73. c5 a3 74. c6 a2 75. c7 a1=Q 76. c8=Q Qa5+ 77. Ke4 1/2-1/2

[Event "FRA-chT Top 12 2019"]
[Site "Brest"]
[Date "2019.05.26"]
[Round "9.4"]
[White "Feller, Sebastien"]
[Black "Lamard, Guillaume"]
[Result "1/2-1/2"]
[ECO "B50"]
[WhiteElo "2587"]
[BlackElo "2405"]
[Annotator "ChessBase"]
[PlyCount "70"]
[EventDate "2019.05.18"]
[EventType "team-tourn"]
[EventCountry "FRA"]
[SourceTitle "playchess.com"]
[Source "ChessBase"]
[SourceQuality "1"]
[TimeControl "40/5400+30:1800+30"]

1. e4 c5 2. Nf3 d6 3. Nc3 Nf6 4. Bb5+ Nbd7 5. a4 e5 6. d3 Be7 7. Bg5 O-O 8. O-O Ne8 9. Bd2 Nc7 10. Bc4 Kh8 11. Nb5 Nxb5 12. axb5 f5 13. exf5 Nb6 14. Be6 Bxe6 15. fxe6 Qc8 16. c4 e4 17. dxe4 Nxc4 18. Qb3 Qxe6 19. Bc1 Qxe4 20. Re1 Rxf3 21. Rxe4 Rxb3 22. Rxe7 Rxb5 23. Rxa7 Rb8 24. h4 h6 25. h5 Rb4 26. Rd7 Re8 27. Kf1 Rb8 28. g3 Nxb2 29. Bd2 Rb3 30. Bf4 Nc4 31. Ra1 Re8 32. Ra7 Rb8 33. Ra1 Re8 34. Ra7 Rb8 35. Ra1 Re8 1/2-1/2

[Event "FRA-chT Top 12 2019"]
[Site "Brest"]
[Date "2019.05.26"]
[Round "9.4"]
[White "Rambaldi, Francesco"]
[Black "Istratescu, Andrei"]
[Result "1/2-1/2"]
[ECO "A06"]
[WhiteElo "2558"]
[BlackElo "2555"]
[Annotator "RC"]
[PlyCount "127"]
[EventDate "2019.05.18"]
[EventType "team-tourn"]
[EventCountry "FRA"]
[SourceTitle "playchess.com"]
[Source "ChessBase"]
[SourceQuality "1"]
[TimeControl "40/5400+30:1800+30"]

1. Nf3 d5 2. g3 c6 3. Bg2 Bg4 4. h3 Bh5 5. c4 e6 6. O-O Nd7 7. Qb3 Qb6 8. d3 dxc4 9. Qxc4 Bxf3 10. Bxf3 Ne5 11. Qe4 Nxf3+ 12. Qxf3 Nf6 13. Nd2 Be7 14. Nc4 Qd8 15. Bd2 O-O 16. b4 Nd5 17. Rab1 Bg5 18. Bxg5 Qxg5 19. d4 Rfd8 20. Rfd1 Qe7 21. a3 Nb6 22. Na5 Rd7 23. Rd3 Rad8 24. Rbd1 h6 25. h4 Qf6 26. Qxf6 gxf6 27. Kf1 f5 28. e3 Kf8 29. Ke2 Ke7 30. Rc1 a6 31. Rdc3 Nc8 32. Nc4 Rd5 33. Ne5 Nd6 34. Rc5 Ne4 35. Rxd5 Rxd5 36. Rg1 Rd8 37. f3 Nd6 38. Nd3 a5 39. bxa5 Ra8 40. Rb1 Rxa5 41. Nc5 Rxa3 42. Nxb7 Nc4 43. e4 fxe4 44. fxe4 Rxg3 45. Nc5 Nd6 46. Rb6 Nb5 47. Rb7+ Kf6 48. Nd7+ Kg6 49. Kf2 Rc3 50. Nf8+ Kh5 51. Rxf7 Nxd4 52. Rf6 e5 53. Nd7 Kxh4 54. Rxh6+ Kg5 55. Rh8 Rf3+ 56. Kg2 Kf4 57. Rh4+ Ke3 58. Nxe5 Rf2+ 59. Kg3 Ne2+ 60. Kg4 c5 61. Kg5 Rf8 62. Nc4+ Kd3 63. Ne5+ Ke3 64. Nc4+ {[%emt 0:00:26] Kxe4} 1/2-1/2

[Event "FRA-chT Top 12 2019"]
[Site "Brest"]
[Date "2019.05.26"]
[Round "9.4"]
[White "Bailet, Pierre"]
[Black "Rakotomaharo, Fy Antenaina"]
[Result "1-0"]
[ECO "B33"]
[WhiteElo "2466"]
[BlackElo "2410"]
[Annotator "ChessBase"]
[PlyCount "81"]
[EventDate "2019.05.18"]
[EventType "team-tourn"]
[EventCountry "FRA"]
[SourceTitle "playchess.com"]
[Source "ChessBase"]
[SourceQuality "1"]
[TimeControl "40/5400+30:1800+30"]

1. e4 c5 2. Nc3 Nc6 3. Nge2 Nf6 4. d4 cxd4 5. Nxd4 e5 6. Ndb5 d6 7. Bg5 a6 8. Na3 b5 9. Bxf6 gxf6 10. Nd5 f5 11. Bd3 Be6 12. O-O Bg7 13. Qh5 f4 14. c4 bxc4 15. Bxc4 O-O 16. Rac1 Rb8 17. b3 Nd4 18. Nc2 Nxc2 19. Rxc2 a5 20. Rd1 Qd7 21. Qh4 Bxd5 22. Rxd5 a4 23. Rcd2 Rb6 24. Qh5 axb3 25. axb3 Kh8 26. h3 Ra8 27. Kh2 Qe7 28. R5d3 Ra7 29. g4 fxg3+ 30. fxg3 Qf6 31. Kg2 Bh6 32. Rf2 Qg6 33. Qe2 Bf4 34. Kh2 Bg5 35. Rdf3 Rbb7 36. Bd5 Rc7 37. b4 Bd8 38. Qb5 Qg8 39. Qb8 Bg5 40. Qxg8+ Kxg8 41. b5 1-0

[Event "FRA-chT Top 12 2019"]
[Site "Brest"]
[Date "2019.05.26"]
[Round "9.4"]
[White "Miezis, Normunds"]
[Black "Moussard, Jules"]
[Result "1-0"]
[ECO "A10"]
[WhiteElo "2456"]
[BlackElo "2583"]
[Annotator "ChessBase"]
[PlyCount "173"]
[EventDate "2019.05.18"]
[EventType "team-tourn"]
[EventCountry "FRA"]
[SourceTitle "playchess.com"]
[Source "ChessBase"]
[SourceQuality "1"]
[TimeControl "40/5400+30:1800+30"]

1. c4 d6 2. Nc3 e5 3. g3 f5 4. d4 Be7 5. Bg2 Nf6 6. Nf3 e4 7. Ng5 c6 8. d5 Ng4 9. Nh3 Ne5 10. b3 Bf6 11. Bb2 O-O 12. O-O c5 13. f3 exf3 14. exf3 Na6 15. Qd2 Nc7 16. Nf2 Bd7 17. a4 a6 18. f4 Nf7 19. a5 Rb8 20. Ne2 b5 21. axb6 Rxb6 22. Nc1 Re8 23. Ra2 g6 24. Bc3 Kg7 25. b4 cxb4 26. Bxb4 Rb8 27. Ba5 Qc8 28. Bc3 Qd8 29. Ne2 Bxc3 30. Qxc3+ Qf6 31. Nd4 Rec8 32. Re1 Kg8 33. Qd3 Re8 34. Rc1 Rb4 35. Qc3 Rbb8 36. Raa1 Kg7 37. Rd1 Re7 38. Rac1 Ree8 39. Qa5 Rec8 40. Qa1 Re8 41. Nd3 Re3 42. c5 Nb5 43. Nc2 Re2 44. Qxf6+ Kxf6 45. c6 Bc8 46. Kf1 Nc3 47. Nd4 Rxg2 48. Kxg2 Nxd1 49. Rxd1 Nh6 50. Re1 Kf7 51. Ne6 Ng8 52. Ng5+ Kf8 53. Nxh7+ Kf7 54. Ng5+ Kf8 55. Ne6+ Kf7 56. Nd8+ Kf8 57. Ne6+ Kf7 58. Nd8+ Kf8 59. Nb7 Bxb7 60. Rb1 Nf6 61. Rxb7 Rxb7 62. cxb7 Nd7 63. Kf3 Ke8 64. g4 Kd8 65. gxf5 gxf5 66. Nb4 Kc7 67. Nxa6+ Kxb7 68. Nb4 Nf6 69. Kg3 Kb6 70. Kh4 Ng4 71. Nc6 Nxh2 72. Kg5 Kc7 73. Kxf5 Kd7 74. Kg6 Ng4 75. f5 Ne3 76. f6 Nxd5 77. f7 Nc7 78. f8=Q Kxc6 79. Kf5 Nb5 80. Ke4 Nc7 81. Kd3 Kc5 82. Qc8 Kc6 83. Kd4 Kb6 84. Qd7 Kb7 85. Kc4 d5+ 86. Kc5 d4 87. Kd6 1-0

[Event "FRA-chT Top 12 2019"]
[Site "Brest"]
[Date "2019.05.26"]
[Round "9.5"]
[White "Degraeve, Jean-Marc"]
[Black "Lefebvre, Herve"]
[Result "1-0"]
[ECO "B51"]
[WhiteElo "2546"]
[BlackElo "2291"]
[Annotator "RC"]
[PlyCount "109"]
[EventDate "2019.05.18"]
[EventType "team-tourn"]
[EventCountry "FRA"]
[SourceTitle "playchess.com"]
[Source "ChessBase"]
[SourceQuality "1"]
[TimeControl "40/5400+30:1800+30"]

1. e4 c5 2. Nf3 d6 3. Bb5+ Nd7 4. Ba4 Ngf6 5. O-O a6 6. c4 e6 7. Nc3 Be7 8. a3 O-O 9. d3 b6 10. h3 Bb7 11. Bf4 d5 12. e5 Ne8 13. cxd5 exd5 14. d4 Nc7 15. Bh2 Ne6 16. Bc2 Rc8 17. Qd2 b5 18. Rad1 Nb6 19. dxc5 Bxc5 20. Bb1 b4 21. axb4 Bxb4 22. Qd3 g6 23. Bg3 Be7 24. Ba2 Nc4 25. Nxd5 Bxd5 26. Qxd5 Qxd5 27. Rxd5 Nxb2 28. Rd7 Rfe8 29. Rb1 Ba3 30. Bh4 Rc6 31. Bf6 Rec8 32. Ng5 Nxg5 33. Bxg5 Nc4 34. Bxc4 Rxc4 35. Rbb7 Rb4 36. Rxf7 Rb1+ 37. Kh2 Rxb7 38. Rxb7 Rc6 39. Bf6 Bf8 40. f4 Bh6 41. g3 Bf8 42. Kg2 a5 43. Ra7 Bb4 44. Rg7+ Kf8 45. Rxh7 Ra6 46. h4 a4 47. h5 gxh5 48. f5 Bc3 49. Rc7 Bb2 50. Bg7+ Kg8 51. e6 a3 52. Bxb2 axb2 53. Rb7 Ra7 54. Rxb2 Kg7 55. Re2 1-0

[Event "FRA-chT Top 12 2019"]
[Site "Brest"]
[Date "2019.05.26"]
[Round "9.5"]
[White "Wirig, Anthony"]
[Black "Maze, Sebastien"]
[Result "1/2-1/2"]
[ECO "B31"]
[WhiteElo "2516"]
[BlackElo "2579"]
[Annotator "ChessBase"]
[PlyCount "48"]
[EventDate "2019.05.18"]
[EventType "team-tourn"]
[EventCountry "FRA"]
[SourceTitle "playchess.com"]
[Source "ChessBase"]
[SourceQuality "1"]
[TimeControl "40/5400+30:1800+30"]

1. e4 c5 2. Nf3 Nc6 3. Bb5 g6 4. O-O Bg7 5. c3 Nf6 6. Re1 O-O 7. h3 Qb6 8. Ba4 d6 9. d3 a6 10. Nbd2 Qc7 11. Bxc6 Qxc6 12. d4 cxd4 13. cxd4 Bd7 14. d5 Qc7 15. Nb3 Ba4 16. Bd2 Rfc8 17. Bc3 Qb6 18. Nfd2 Bh6 19. Qf3 Nd7 20. Qg3 Ne5 21. Bd4 Qb4 22. Bc3 Qb6 23. Bd4 Qb4 24. Bc3 Qb6 1/2-1/2

[Event "FRA-chT Top 12 2019"]
[Site "Brest"]
[Date "2019.05.26"]
[Round "9.5"]
[White "Ludwig, Remi"]
[Black "Fedorchuk, Sergey A."]
[Result "0-1"]
[ECO "E12"]
[WhiteElo "2312"]
[BlackElo "2620"]
[Annotator "ChessBase"]
[PlyCount "114"]
[EventDate "2019.05.18"]
[EventType "team-tourn"]
[EventCountry "FRA"]
[SourceTitle "playchess.com"]
[Source "ChessBase"]
[SourceQuality "1"]
[TimeControl "40/5400+30:1800+30"]

1. d4 Nf6 2. c4 e6 3. Nf3 b6 4. a3 Bb7 5. Nc3 d5 6. cxd5 Nxd5 7. Qc2 Be7 8. e4 Nxc3 9. bxc3 O-O 10. Bd3 c5 11. O-O Qc7 12. Qe2 Nd7 13. a4 Rfd8 14. Bd2 Nf8 15. g3 h6 16. h4 Bd6 17. Be3 Rac8 18. Rfc1 Qc6 19. Nd2 Qd7 20. e5 Bxe5 21. Bxh6 Bf6 22. Bg5 Bxg5 23. hxg5 cxd4 24. c4 Rc5 25. f4 e5 26. Nb3 Qh3 27. Qh2 Qxh2+ 28. Kxh2 Rc7 29. fxe5 Re7 30. Re1 g6 31. Be4 Ne6 32. Kg2 Nxg5 33. Bxb7 Rxb7 34. Rad1 Rc7 35. Nd2 Rc5 36. Kf2 Kg7 37. Rc1 Rdc8 38. Rcd1 Ne6 39. Re4 Rd8 40. Ree1 Ra5 41. Ra1 Nc5 42. Ra3 Rxa4 43. Rxa4 Nxa4 44. Ra1 Nc5 45. Rxa7 Nd3+ 46. Kf3 Nxe5+ 47. Ke4 Nd7 48. Kd5 d3 49. Kc6 Ne5+ 50. Kxb6 Nxc4+ 51. Nxc4 d2 52. Nxd2 Rxd2 53. Ra3 f5 54. Kc5 Kf6 55. Kc4 Kg5 56. Kc3 Rg2 57. Kd4 Kg4 0-1

[Event "FRA-chT Top 12 2019"]
[Site "Brest"]
[Date "2019.05.26"]
[Round "9.6"]
[White "Gharamian, Tigran"]
[Black "Riff, Jean-Noel"]
[Result "1/2-1/2"]
[ECO "A01"]
[WhiteElo "2602"]
[BlackElo "2494"]
[Annotator "RC"]
[PlyCount "45"]
[EventDate "2019.05.18"]
[EventType "team-tourn"]
[EventCountry "FRA"]
[SourceTitle "playchess.com"]
[Source "ChessBase"]
[SourceQuality "1"]
[TimeControl "40/5400+30:1800+30"]

1. b3 Nf6 2. Bb2 g6 3. Nf3 Bg7 4. e3 O-O 5. d4 d6 6. Be2 e5 7. dxe5 Ng4 8. Nc3 Nxe5 9. Nxe5 Bxe5 10. Qd2 Nd7 11. Rd1 Nc5 12. Ba1 Bf5 13. O-O Re8 14. Bf3 c6 15. Ne2 Bxa1 16. Rxa1 d5 17. Nd4 Bd7 18. Rac1 Ne6 19. c4 Nxd4 20. exd4 Be6 21. Rfe1 Qd7 22. c5 Bg4 23. Bxg4 1/2-1/2

[Event "FRA-chT Top 12 2019"]
[Site "Brest"]
[Date "2019.05.26"]
[Round "9.6"]
[White "Sulava, Nenad"]
[Black "Brochet, Philippe"]
[Result "1/2-1/2"]
[ECO "A06"]
[WhiteElo "2422"]
[BlackElo "2400"]
[Annotator "NA"]
[PlyCount "58"]
[EventDate "2019.05.18"]
[EventType "team-tourn"]
[EventCountry "FRA"]
[SourceTitle "playchess.com"]
[Source "ChessBase"]
[SourceQuality "1"]
[TimeControl "40/5400+30:1800+30"]

1. Nf3 d5 2. e3 Nf6 3. c4 e6 4. b3 c5 5. Bb2 Nc6 6. cxd5 exd5 7. Bb5 Bd6 8. d4 cxd4 9. Nxd4 Bd7 10. O-O O-O 11. Nc3 Re8 12. Rc1 Qe7 13. Nf3 a6 14. Bxc6 bxc6 15. Qd3 Bg4 16. Ne2 Qe4 17. Qxe4 dxe4 18. Bxf6 exf3 19. gxf3 Bh3 20. Rfd1 Ba3 21. Bd4 Bxc1 22. Rxc1 Bd7 23. Rc5 Re6 24. Nf4 Rd6 25. h4 Rb8 26. Ra5 Bc8 27. Re5 Bd7 28. Ra5 Bc8 29. Re5 Bd7 1/2-1/2

[Event "FRA-chT Top 12 2019"]
[Site "Brest"]
[Date "2019.05.26"]
[Round "9.6"]
[White "Vitoux, Colomban"]
[Black "Bressac, Stephane"]
[Result "1/2-1/2"]
[ECO "B07"]
[WhiteElo "2384"]
[BlackElo "2358"]
[Annotator "NA"]
[PlyCount "108"]
[EventDate "2019.05.18"]
[EventType "team-tourn"]
[EventCountry "FRA"]
[SourceTitle "playchess.com"]
[Source "ChessBase"]
[SourceQuality "1"]
[TimeControl "40/5400+30:1800+30"]

1. e4 d6 2. d4 Nf6 3. Nc3 e5 4. Nge2 c6 5. a4 Be7 6. g3 O-O 7. Bg2 Nbd7 8. O-O b6 9. h3 h5 10. Be3 a6 11. d5 Bb7 12. dxc6 Bxc6 13. Nd5 Nxd5 14. exd5 Bb7 15. f4 Bf6 16. c3 Re8 17. fxe5 Bxe5 18. Nd4 g6 19. Nc6 Qc7 20. Qf3 Nf6 21. Nxe5 Rxe5 22. Bd4 Rf5 23. Qe3 Nxd5 24. Qh6 Re5 25. Rad1 Rae8 26. Bxe5 dxe5 27. Qd2 e4 28. Qg5 Qc5+ 29. Rd4 Nxc3 30. Qxc5 bxc5 31. Rd7 Bc8 32. Rdxf7 Ne2+ 33. Kh2 Bf5 34. Rc7 Nd4 35. Rxc5 e3 36. Re1 Nc2 37. Rxc2 Bxc2 38. Bc6 Re5 39. Kg2 Kg7 40. Kf3 e2 41. Kf2 Bd1 42. Bf3 Rf5 43. Ke3 Rg5 44. Kf2 Rf5 45. Ke3 Bxa4 46. Bxe2 Bb5 47. Bxb5 Rxb5 48. Re2 Rb3+ 49. Kf4 Rb4+ 50. Kf3 g5 51. Re7+ Kf6 52. Ra7 Rb3+ 53. Ke4 Rb4+ 54. Kf3 Ke5 {Ke4+} 1/2-1/2

[Event "FRA-chT Top 12 2019"]
[Site "Brest"]
[Date "2019.05.26"]
[Round "9.6"]
[White "Charmeteau, Sven"]
[Black "Cornette, Matthieu"]
[Result "0-1"]
[ECO "B03"]
[WhiteElo "2292"]
[BlackElo "2553"]
[Annotator "ChessBase"]
[PlyCount "60"]
[EventDate "2019.05.18"]
[EventType "team-tourn"]
[EventCountry "FRA"]
[SourceTitle "playchess.com"]
[Source "ChessBase"]
[SourceQuality "1"]
[TimeControl "40/5400+30:1800+30"]

1. e4 Nf6 2. e5 Nd5 3. d4 d6 4. c4 Nb6 5. exd6 cxd6 6. Nc3 g6 7. Be3 Bg7 8. Rc1 O-O 9. b3 Bf5 10. Nf3 d5 11. c5 Nc8 12. b4 a6 13. Be2 Nc6 14. a3 Bg4 15. O-O e6 16. Ne1 Bxe2 17. Nxe2 N8e7 18. Nc2 Nf5 19. Qd3 Qh4 20. Rb1 Rfd8 21. Rfd1 e5 22. Ne1 Nxe3 23. fxe3 Qh6 24. b5 axb5 25. Rxb5 Re8 26. Nc2 exd4 27. exd4 Re4 28. Rxb7 Rae8 29. Ng3 Bxd4+ 30. Kh1 Qxh2+ 0-1